 Dungeon Crawl Stone Soup version 0.19-b1-4-gd8a0a2a (webtiles) character file.

3748 Chiseanne the Fighter (level 9, -9/76 HPs)
             Began as a Mummy Artificer on Oct 30, 2016.
             Was an Initiate of Gozag.
             Splashed by a brown ugly thing's acid (10 damage)
             ... on level 11 of the Dungeon.
             The game lasted 00:35:49 (9765 turns).

Chiseanne the Fighter (Mummy Artificer)             Turns: 9765, Time: 00:35:50

Health: -9/76      AC:  7    Str: 15    XL:     9   Next: 93%
Magic:  22/22      EV: 17    Int: 13    God:    Gozag
Gold:   799        SH:  0    Dex: 18    Spells: 0 memorised, 8 levels left

rFire  x . .     SeeInvis +     s - +3 war axe (chop)
rCold  + . .     Gourm    .     u - +0 scale mail
rNeg   + + +     Faith    .     (no shield)
rPois  ∞         Spirit   .     q - +0 helmet
rElec  .         Reflect  .     (no cloak)
rCorr  .         Harm     .     o - +1 pair of gloves
MR     +....                    (no boots)
Stlth  +.........               f - amulet of regeneration
                                x - ring of magical power
                                r - ring of see invisible

@: agile, corroded, gold aura, flying, very slightly contaminated, hasted,
invisible, very quick
A: no food or potions, fire vulnerability, cold resistance 1, negative energy
resistance 3, torment resistance, unbreathing
a: Potion Petition, Call Merchant, Bribe Branch, Renounce Religion


You were on level 11 of the Dungeon.
You worshipped Gozag.
Gozag was pleased with you.
You were not hungry.

You visited 2 branches of the dungeon, and saw 12 of its levels.

You collected 1013 gold pieces.
You spent 96 gold pieces at shops.
You paid 118 gold pieces to Gozag.

Inventory:

Hand Weapons
 a - a +2 hand axe of chopping
 s - a +3 war axe of chopping (weapon)
Missiles
 b - 6 javelins (quivered)
 e - 7 needles of paralysis
 g - 9 tomahawks
 h - 18 poisoned needles
 i - 283 stones
 k - 111 sling bullets
 m - 82 arrows
Armour
 o - a +1 pair of gloves (worn)
 q - a +0 helmet (worn)
 u - a +0 scale mail (worn)
Jewellery
 f - an amulet of regeneration (around neck)
 r - a ring of see invisible (left hand)
 x - a ring of magical power (right hand)
 y - a +2 ring of slaying {unknown}
 z - an uncursed amulet of rage {unknown}
Wands
 d - a wand of enslavement (0/24)
 p - a wand of lightning (0/15)
Scrolls
 l - 6 scrolls of remove curse
 n - 11 scrolls of identify
 t - a scroll of immolation
Books
 j - a book of Maledictions

   Spells                             Type                      Level
   a - Corona                         Hexes                        1
   b - Ensorcelled Hibernation        Hexes/Ice                    2
   c - Confuse                        Hexes                        3
   d - Tukima's Dance                 Hexes                        3
   e - Dazzling Spray                 Conjuration/Hexes            3
 w - a book of Necromancy

   Spells                             Type                      Level
   a - Pain                           Necromancy                   1
   b - Animate Skeleton               Necromancy                   1
   c - Vampiric Draining              Necromancy                   3
   d - Regeneration                   Charms/Necromancy            3
   e - Animate Dead                   Necromancy                   4
   f - Control Undead                 Necromancy                   4


   Skills:
 * Level 9.3 Fighting
   Level 0.7 Short Blades
 * Level 6.4 Armour
 - Level 4.0 Dodging
 - Level 0.7 Stealth
 - Level 5.6 Evocations


You had 8 spell levels left.
You didn't know any spells.

Dungeon Overview and Level Annotations

Branches:
Dungeon (11/15)            Temple (1/1) D:7
   Lair: D:8-11         Orc: D:9-12

Altars:
Ashenzari
Cheibriados
Dithmenos
Elyvilon
Fedhas
Gozag
Hepliaklqana
Kikubaaqudgha
Makhleb
Nemelex Xobeh
Okawaru
Qazlal
Ru
Sif Muna
Trog
Uskayaw
Vehumet
Xom
Yredelemnul
Zin
The Shining One

Shops:
D:6 ?

Annotations:
D:3 Rationalist's ghost, amateur DsGl
D:4 aimeelou's ghost, amateur DsGl
D:6 Uberchile's ghost, novice TrFi
D:8 Erica
D:9 exclusion: ice statue, Urug


Innate Abilities, Weirdness & Mutations

You do not eat or drink.
Your flesh is vulnerable to fire.
You are immune to poison.
Your flesh is cold resistant. (rC+)
You are immune to negative energy. (rN+++)
You are immune to unholy pain and torment.
You can survive without breathing.


Message History

You catch the helpless worker ant completely off-guard!
You hit the worker ant. The worker ant barely misses you.
The brown ugly thing headbutts you!
* * * LOW HITPOINT WARNING * * *
You are splashed with acid!
The acid burns!
* * * LOW HITPOINT WARNING * * *
Throwing (i - inventory. (,) - cycle):
b - 7 javelins (quivered)
Press: ? - help, Shift-Dir - straight line, f - brown ugly thing
Aim: a brown ugly thing (almost dead)
You throw a javelin.
The javelin hits the brown ugly thing but does no damage.
The brown ugly thing is almost dead.
You hit the brown ugly thing.
The brown ugly thing is almost dead.
The crimson imp is distracted by the nearby gold.
The brown ugly thing headbutts you!
* * * LOW HITPOINT WARNING * * *
You are splashed with acid!
The acid burns!
You die...
Your body crumbles into a pile of gold.

#..Z #### #.$ #..#
###+##### ####+##
#.......# #......
#.......# #......
+......[#####(.....
#.@.....##..$......
#..u....#..##.<....
#...a5$.'.###......
#....(..### #......
#####+### ######+


You could see a brown ugly thing, a worker ant and a crimson imp (unaware).

Vanquished Creatures
  A spriggan (D:9)
  A wraith (D:10)
  3 yaks (D:11)
  A hungry ghost (D:7)
  2 water moccasins
  2 ice beasts
  2 sky beasts (D:9)
  An orc warrior (D:8)
  3 ogres
  A hornet zombie (D:7)
  A phantom (D:4)
  3 centaurs
  Blork the orc (D:6)
  4 bullfrogs
  3 killer bees (D:9)
  5 crimson imps
  A bullfrog zombie (D:5)
  A bullfrog skeleton (D:5)
  2 jellies
  An orc priest (D:10)
  8 hounds
  3 orc wizards
  An iguana (D:7)
  2 worker ants
  A killer bee zombie (D:8)
  A hound skeleton (D:9)
  A howler monkey zombie (D:5)
  Robin (D:3)
  7 adders
  A gnoll (D:6)
  5 shadow imps
  5 oozes (D:1)
  3 worms
  5 leopard geckos
  9 orcs
  4 ball pythons
  5 bats
  4 giant cockroaches
  16 goblins
  10 hobgoblins
  18 jackals
  5 kobolds
  3 quokkas
  4 frilled lizards
  A giant cockroach zombie (D:5)
  9 rats
171 creatures vanquished.

Vanquished Creatures (collateral kills)
  An orc priest (D:6)
  2 orc wizards (D:10)
  3 gnolls
  An ooze (D:3)
  3 orcs
  2 goblins (D:3)
12 creatures vanquished.

Vanquished Creatures (others)
  A centaur (D:10)
  A bullfrog (D:10)
  An orc priest (D:10)
  A bullfrog skeleton (D:8)
  3 orc wizards
  A gnoll (D:6)
  An adder (D:3)
  A worm (D:3)
  A goblin (D:3)
  A kobold (D:3)
12 creatures vanquished.

Grand Total: 195 creatures vanquished

Notes
Turn   | Place    | Note
-------+----------+-------------------------------------------
     0 | D:1      | Chiseanne the Mummy Artificer began the quest for the Orb.
     0 | D:1      | Reached XP level 1. HP: 15/15 MP: 2/2
    74 | D:1      | Reached XP level 2. HP: 15/21 MP: 3/3
   309 | D:1      | Reached XP level 3. HP: 27/27 MP: 5/5
   469 | D:1      | Reached skill level 2 in Fighting
  1134 | D:2      | Reached XP level 4. HP: 7/33 MP: 6/6
  1529 | D:2      | Reached XP level 5. HP: 36/40 MP: 7/7
  1645 | D:2      | Reached skill level 3 in Fighting
  1903 | D:3      | Noticed Rationalist's ghost (amateur DsGl)
  2144 | D:3      | Noticed Robin
  2242 | D:3      | Killed Robin
  2991 | D:4      | Noticed aimeelou's ghost (amateur DsGl)
  3012 | D:5      | Entered Level 5 of the Dungeon
  3133 | D:5      | Noticed an ogre
  3138 | D:5      | Killed an ogre
  3138 | D:5      | Reached XP level 6. HP: 48/48 MP: 7/9
  3192 | D:5      | Found a bloodstained altar of Trog.
  3234 | D:5      | Reached skill level 4 in Fighting
  3378 | D:4      | Found an iron altar of Okawaru.
  4036 | D:5      | Reached XP level 7. HP: 54/54 MP: 10/10
  4722 | D:6      | Found Siustyxkie's Magic Scroll Emporium.
  4734 | D:6      | Bought a scroll of teleportation for 36 gold pieces
  4734 | D:6      | Bought a scroll of teleportation for 36 gold pieces
  4734 | D:6      | Bought a scroll of identify for 24 gold pieces
  4797 | D:6      | Noticed Uberchile's ghost (novice TrFi)
  5101 | D:6      | Noticed Blork the orc
  5105 | D:6      | Killed Blork the orc
  5113 | D:6      | Found a deep blue altar of Sif Muna.
  5434 | D:7      | Noticed a hungry ghost
  5466 | D:7      | Killed a hungry ghost
  5466 | D:7      | Reached skill level 5 in Fighting
  5466 | D:7      | Reached skill level 1 in Armour
  5466 | D:7      | Reached skill level 5 in Evocations
  5551 | D:7      | HP: 2/56 [water moccasin (4)]
  5775 | D:7      | Reached XP level 8. HP: 56/63 MP: 11/11
  5798 | D:7      | Found a burning altar of Makhleb.
  5798 | D:7      | Found a snail-covered altar of Cheibriados.
  5821 | D:7      | Found an ancient bone altar of Kikubaaqudgha.
  5822 | D:7      | Found an opulent altar of Gozag.
  5822 | D:7      | Found a white marble altar of Elyvilon.
  5822 | D:7      | Found a glowing silver altar of Zin.
  5822 | D:7      | Found a radiant altar of Vehumet.
  5823 | D:7      | Found a basalt altar of Yredelemnul.
  5825 | D:7      | Found a hide-covered altar of Uskayaw.
  5827 | D:7      | Found a sacrificial altar of Ru.
  5830 | D:7      | Became a worshipper of Gozag Ym Sagoz the Greedy
  5910 | D:7      | Found a staircase to the Ecumenical Temple.
  5939 | Temple   | Entered the Ecumenical Temple
  6525 | D:8      | Reached skill level 6 in Fighting
  6598 | D:8      | Noticed Erica
  6974 | D:9      | Reached skill level 7 in Fighting
  7169 | D:9      | Reached XP level 9. HP: 30/72 MP: 13/13
  7421 | D:9      | Noticed an ice statue
  8070 | D:9      | Found a shattered altar of Ashenzari.
  8351 | D:9      | Reached skill level 8 in Fighting
  8605 | D:10     | Entered Level 10 of the Dungeon
  8605 | D:10     | Noticed a hill giant
  8645 | D:9      | Reached skill level 5 in Armour
  8820 | D:10     | Noticed Urug
  9125 | D:10     | Noticed a hill giant
  9530 | D:11     | Reached skill level 9 in Fighting
  9650 | D:10     | Noticed a hill giant
  9734 | D:11     | Noticed a cyan ugly thing
  9765 | D:11     | HP: 1/76 [brown ugly thing (10)]
  9765 | D:11     | Splashed by a brown ugly thing's acid

Skill      XL: |  1  2  3  4  5  6  7  8  9 |
---------------+----------------------------+-----
Dodging        | 2 3 4 |  4.0
Evocations     | 3 4 5 |  5.6
Fighting       | 2 3 4 5 7 9 |  9.3
Armour         | 1 4 6 |  6.4
Short Blades   | |  0.7
Stealth        | |  0.7

Action                   |  1- 3 |  4- 6 |  7- 9 || total
-------------------------+-------+-------+-------++-------
Melee: Short sword       |   131 |   214 |       ||   345
       Hand axe          |       |    62 |   323 ||   385
       War axe           |       |       |   236 ||   236
Throw: Tomahawk          |       |       |    12 ||    12
       Throwing net      |       |       |     6 ||     6
       Stone             |       |       |     1 ||     1
       Javelin           |       |       |     3 ||     3
Invok: Potion Petition   |       |       |     1 ||     1
Evoke: Wand              |       |    34 |    34 ||    68
  Use: Scroll            |     1 |    10 |    12 ||    23
 Stab: Sleeping          |     1 |       |       ||     1
       Paralysed         |       |     6 |       ||     6
       Invisible         |       |       |     2 ||     2
Armor: Leather armour    |    30 |    87 |    29 ||   146
       Scale mail        |       |       |   295 ||   295
Dodge: Dodged            |    72 |   234 |   463 ||   769
